 Dungeon Crawl Stone Soup version 0.28.0-45-g0d030f2227 (webtiles) character file.

Game seed: 4322225433236165221

13742 101zpm the Thaumaturge (level 12, -4/89 HPs)
             Began as a Gnoll Air Elementalist on Apr 22, 2022.
             Was an Elder of Makhleb.
             Killed from afar by a ynoxinul (9 damage)
             ... with an iron shot
             ... on level 3 of the Abyss.
             The game lasted 00:57:53 (20103 turns).

101zpm the Thaumaturge (Gnoll Air Elementalist)    Turns: 20103, Time: 00:57:54

Health: -4/89      AC: 11    Str: 11    XL:     12   Next: 9%
Magic:  4/24       EV: 21    Int: 14    God:    Makhleb [****..]
Gold:   676        SH:  6    Dex: 20    Spells: 18/28 levels left

rFire   . . .      SeeInvis .   v - +5 flail of Dithrekhuy {venom, Int-5 Dex+5 Stlth+}
rCold   . . .      Faith    .   H - +0 buckler
rNeg    + . .      Spirit   .   y - +1 leather armour "Itza" {Str+3}
rPois   .          Reflect  .   f - +2 hat
rElec   .          Harm     .   G - +2 cloak {Stlth+}
rCorr   .          Rampage  .   (no gloves)
Will    .....                   z - +1 pair of boots
Stlth   ++++++....              o - amulet of regeneration
HPRegen 1.04/turn               x - +4 ring of evasion
MPRegen 0.19/turn               s - ring of positive energy

@: no status effects
A: fangs 1, strong nose, distributed training, agile 1, deformed body
a: Renounce Religion, Minor Destruction, Lesser Servant of Makhleb, Major
Destruction


You were on level 3 of the Abyss.
You worshipped Makhleb.
Makhleb was greatly pleased with you.
You visited 4 branches of the dungeon, and saw 15 of its levels.
You visited the Abyss 1 time.
You also visited: Bailey.

You collected 676 gold pieces.

Inventory:

Hand Weapons
 v - the +5 flail of Dithrekhuy (weapon) {venom, Int-5 Dex+5 Stlth+}
   (You found it on level 4 of the Dungeon)

   It poisons the flesh of those it strikes.
   Int:       It affects your intelligence (-5).
   Dex:       It affects your dexterity (+5).
   Stlth:     It makes you more stealthy.
 B - a +3 short sword of protection
Missiles
 C - 6 throwing nets
Armour
 f - a +2 hat (worn)
 y - the +1 leather armour "Itza" (worn) {Str+3}
   (You found it on level 4 of the Dungeon)

   Str:       It affects your strength (+3).
 z - a +1 pair of boots (worn)
 G - a +2 cloak of stealth (worn)
 H - a +0 buckler (worn)
Jewellery
 e - an amulet of guardian spirit
 o - an amulet of regeneration (around neck)
 s - a ring of positive energy (right hand)
 x - a +4 ring of evasion (left hand)
 D - a ring of protection from cold
 M - a ring of positive energy
 O - a ring of magical power
 P - a ring of protection from cold
Wands
 a - a wand of mindburst (28)
 A - a wand of flame (20)
 L - a wand of iceblast (6)
 N - a wand of polymorph (8)
Scrolls
 b - 2 scrolls of holy word
 c - 2 scrolls of vulnerability
 d - 4 scrolls of teleportation
 g - a scroll of silence {unknown}
 i - 2 scrolls of enchant weapon
 j - 2 scrolls of enchant armour
 u - 2 scrolls of blinking
 E - 2 scrolls of identify
 F - a scroll of magic mapping
 J - a scroll of noise {unknown}
 Q - a scroll of amnesia {unknown}
 R - a scroll of brand weapon {unknown}
 S - a scroll of acquirement {unknown}
 T - a scroll of fog
Potions
 h - a potion of heal wounds {unknown}
 k - a potion of berserk rage {unknown}
 l - a potion of lignification {unknown}
 m - a potion of might {unknown}
 n - a potion of degeneration {unknown}
 p - a potion of mutation {unknown}
 q - 2 potions of cancellation {unknown}
 r - 3 potions of curing
 t - 4 potions of haste {unknown}
 w - 2 potions of brilliance {unknown}
 I - 2 potions of magic {unknown}
 K - a potion of ambrosia {unknown}


   Skills:
 + Level 6.9 Fighting
 + Level 6.9 Short Blades
 + Level 6.9 Long Blades
 + Level 6.9 Axes
 + Level 6.9 Maces & Flails
 + Level 6.9 Polearms
 + Level 6.9 Staves
 + Level 6.9 Slings
 + Level 6.9 Bows
 + Level 6.9 Crossbows
 + Level 6.9 Throwing
 + Level 6.9 Armour
 + Level 8.4 Dodging
 + Level 8.2 Stealth
 + Level 6.9 Shields
 + Level 6.9 Unarmed Combat
 + Level 8.6 Spellcasting
 + Level 6.2 Conjurations
 + Level 5.7 Hexes
 + Level 5.7 Summonings
 + Level 5.7 Necromancy
 + Level 5.7 Translocations
 + Level 5.7 Transmutations
 + Level 5.7 Fire Magic
 + Level 5.7 Ice Magic
 + Level 8.0 Air Magic
 + Level 5.7 Earth Magic
 + Level 5.7 Poison Magic
 + Level 7.6 Invocations
 + Level 6.9 Evocations


You had 18 spell levels left.
You knew the following spells:

 Your Spells              Type           Power      Damage    Failure   Level
a - Shock                 Conj/Air       100%       1d9       1%          1
b - Static Discharge      Conj/Air       26%        N/A       1%          2
c - Swiftness             Air            28%        N/A       2%          3
d - Airstrike             Air            14%        N/A       7%          4

Your spell library contained the following spells:

 Spells                   Type           Power      Damage    Failure   Level
 Summon Small Mammal      Summ           88%        N/A       1%          1
 Animate Armour           Summ/Erth      44%        N/A       19%         4
 Irradiate                Conj/Tmut      11%        3d17      43%         5
 Blade Hands              Tmut           11%        N/A       45%         5
 Dragon Form              Tmut           11%        N/A       100%        7
 Dragon's Call            Summ           11%        N/A       100%        9


Dungeon Overview and Level Annotations

Branches:
Dungeon (10/15)            Temple (1/1) D:6            Lair (3/6) D:8
    Orc (1/2) D:9          Bailey (visited)
  Swamp: Lair:2-4    Shoals: Lair:2-4     Snake: Lair:2-4    Spider: Lair:2-4

Altars:
Ashenzari
Cheibriados
Elyvilon
Gozag
Hepliaklqana
Kikubaaqudgha
Makhleb
Nemelex Xobeh
Okawaru
Qazlal
Ru
Trog
Uskayaw
Vehumet
Xom
Yredelemnul
The Shining One

Shops:
D:1 !

Annotations:
D:10 Erolcha


Innate Abilities, Weirdness & Mutations

You have very sharp teeth.
Your uncanny sense of smell can sniff out nearby items.
Your experience applies equally to all skills.
You are agile. (Dex +2)
Armour fits poorly on your strangely shaped body.


Message History

Your smoke demon closely misses the hellwing.
Your smoke demon barely misses the hellwing.
Your smoke demon hits the hellwing but does no damage.
The hellwing hits your smoke demon but does no damage.
The hellwing closely misses your smoke demon.
The hellwing misses you.
The hellwing hits you but does no damage.
Your smoke demon hits the hellwing but does no damage. x2
Your smoke demon closely misses the hellwing.
The hellwing swoops through the air toward you!
You block the hellwing's attack. x2
A smoke demon comes into view.
Found a corrupted altar of Lugonu.
A small abomination comes into view.
The hellwing swoops through the air toward you!
You block the hellwing's attack. The hellwing closely misses you.
The smoke demon gestures at you. Something smites you!
A raiju comes into view.
The smoke demon gestures at you. Something smites you!
* * * LOW HITPOINT WARNING * * *
The raiju barely misses you.
The raiju bursts into living lightning!
The living lightning hits you!
* * * LOW HITPOINT WARNING * * *
The raiju blinks! x2
Something bites your smoke demon but does no damage.
The hellwing hits your smoke demon! The hellwing hits your smoke demon.
The hellwing completely misses you. The hellwing hits you.
* * * LOW HITPOINT WARNING * * *
The hellwing swoops through the air toward you!
The hellwing hits you.
* * * LOW HITPOINT WARNING * * *
The hellwing hits you.
* * * LOW HITPOINT WARNING * * *
A large abomination comes into view.
A ynoxinul comes into view.
The ynoxinul gestures at you. The iron shot hits you!
You die...

... .... .#.. #..##
#####§###..# ....
#.h#h..#..### ...
#4#.3#.#.#..# ## ##
#.##3#..4#..#..... .
#..#..#.##.4........#
.
#......#4#.._....#...#
..#..........#.. .#.
.. ...#..@#..#..#
....#..#
..#.##.........#...# .
... .##..#...#..... ##
... .# ##3#........ ..
.# #. ....#.#..... # #
.###.#...#†# #
.....#.# # #...## .
.## ###


You could see 2 hellwings, a raiju (wandering), a ynoxinul and a friendly smoke
demon (summoned).

Vanquished Creatures
  Nergalle (Lair:3)
  Maurice (D:8)
  A black mamba (Lair:2)
  A gargoyle (D:10)
  4 cane toads
  4 komodo dragons
  A polar bear (Lair:2)
  A troll (D:10)
  4 blink frogs
  A large abomination (Abyss:2)
  10 yaks
  3 wyverns
  3 shadows
  2 basilisks
  2 vampire mosquitoes (D:10)
  A steam dragon (Lair:2)
  3 wargs (D:8)
  3 water moccasins
  4 orc warriors
  5 black bears
  2 ogres
  8 wolves
  2 centaurs (D:7)
  2 phantoms
  A kobold brigand (D:8)
  5 bullfrogs
  A gnoll sergeant (Bailey)
  5 scorpions
  A water moccasin zombie (D:5)
  A water moccasin skeleton (D:4)
  15 killer bees
  3 troll zombies (D:9)
  A howler monkey (D:7)
  4 wights (D:7)
  2 electric eels
  9 orc priests
  2 centaur zombies
  8 hounds
  3 gnoll shamans (Bailey)
  A jelly (D:7)
  A bullfrog skeleton (D:7)
  5 iguanas
  8 orc wizards
  4 hell rats (Lair:3)
  A killer bee zombie (D:5)
  3 ogre zombies (D:9)
  A hound zombie (D:5)
  A hound skeleton (D:5)
  Robin (D:2)
  6 gnolls (Bailey)
  An adder (D:3)
  3 shadow imps
  An ufetubus (D:5)
  19 orcs
  2 bats
  7 endoplasms
  3 giant cockroaches
  14 goblins
  9 hobgoblins
  3 quokkas
  10 ball pythons
  2 frilled lizards (D:1)
  2 goblin skeletons (D:9)
  A goblin zombie (D:9)
  2 hobgoblin skeletons (D:9)
  2 hobgoblin zombies (D:9)
  11 kobolds
  3 orc skeletons (D:9)
  8 orc zombies (D:9)
  6 rats
271 creatures vanquished.

Vanquished Creatures (collateral kills)
  A cane toad (shapeshifter) (Abyss:3)
1 creature vanquished.

Vanquished Creatures (others)
  3 fungi
  9 plants
12 creatures vanquished.

Grand Total: 284 creatures vanquished

Notes
Turn   | Place    | Note
-------+----------+-------------------------------------------
     0 | D:1      | 101zpm the Gnoll Air Elementalist began the quest for the
                  | Orb.
     0 | D:1      | Reached XP level 1. HP: 13/13 MP: 6/6
     9 | D:1      | Noticed an ogre
    45 | D:1      | Found Yjemmog's Distillery.
   113 | D:1      | Reached XP level 2. HP: 19/19 MP: 1/7
   761 | D:1      | Reached XP level 3. HP: 25/25 MP: 5/9
  1087 | D:1      | Reached skill level 5 in Spellcasting
  1562 | D:2      | Reached skill level 1 in Fighting
  1562 | D:2      | Reached skill level 1 in Short Blades
  1562 | D:2      | Reached skill level 1 in Long Blades
  1562 | D:2      | Reached skill level 1 in Axes
  1562 | D:2      | Reached skill level 1 in Maces & Flails
  1562 | D:2      | Reached skill level 1 in Polearms
  1562 | D:2      | Reached skill level 1 in Staves
  1562 | D:2      | Reached skill level 1 in Slings
  1562 | D:2      | Reached skill level 1 in Bows
  1562 | D:2      | Reached skill level 1 in Crossbows
  1562 | D:2      | Reached skill level 1 in Throwing
  1562 | D:2      | Reached skill level 1 in Armour
  1562 | D:2      | Reached skill level 1 in Shields
  1562 | D:2      | Reached skill level 1 in Unarmed Combat
  1562 | D:2      | Reached skill level 1 in Invocations
  1562 | D:2      | Reached skill level 1 in Evocations
  1562 | D:2      | Reached XP level 4. HP: 13/32 MP: 1/11
  1746 | D:2      | Learned a level 2 spell: Static Discharge
  1750 | D:2      | Learned a level 3 spell: Swiftness
  1755 | D:2      | Learned a level 4 spell: Airstrike
  1947 | D:2      | Noticed Robin
  2056 | D:2      | Killed Robin
  2057 | D:2      | Reached skill level 1 in Hexes
  2057 | D:2      | Reached skill level 1 in Summonings
  2057 | D:2      | Reached skill level 1 in Necromancy
  2057 | D:2      | Reached skill level 1 in Translocations
  2057 | D:2      | Reached skill level 1 in Transmutations
  2057 | D:2      | Reached skill level 1 in Fire Magic
  2057 | D:2      | Reached skill level 1 in Ice Magic
  2057 | D:2      | Reached skill level 1 in Earth Magic
  2057 | D:2      | Reached skill level 1 in Poison Magic
  2313 | D:2      | Found a burning altar of Makhleb.
  2612 | D:2      | Became a worshipper of Makhleb the Destroyer
  3310 | D:3      | Reached XP level 5. HP: 37/37 MP: 10/12
  3825 | D:4      | Noticed a black bear
  3827 | D:4      | Killed a black bear
  3828 | D:4      | Reached XP level 6. HP: 44/44 MP: 4/14
  3928 | D:4      | Reached * piety under Makhleb
  4083 | D:4      | Reached skill level 5 in Dodging
  4275 | D:4      | Found a bloodstained altar of Trog.
  4442 | D:4      | Identified the +5 flail of Dithrekhuy {venom, Int-5 Dex+5
                  | Stlth+}
  4577 | D:4      | Found a snail-covered altar of Cheibriados.
  4843 | D:4      | Identified the +1 leather armour "Itza" {Str+3}
  5042 | D:5      | Entered Level 5 of the Dungeon
  5051 | D:5      | Reached XP level 7. HP: 50/50 MP: 6/15
  5678 | D:5      | Reached skill level 5 in Stealth
  5862 | D:5      | Found a sparkling altar of Nemelex Xobeh.
  5862 | D:5      | Found a white marble altar of Elyvilon.
  5863 | D:5      | Found an iron altar of Okawaru.
  5874 | D:5      | Reached XP level 8. HP: 55/57 MP: 1/16
  6096 | D:5      | Noticed a shadow
  6098 | D:5      | Killed a shadow
  6782 | D:6      | Found a staircase to the Ecumenical Temple.
  6851 | Temple   | Entered the Ecumenical Temple
  7318 | D:7      | Found a flagged portal.
  7327 | D:7      | Reached XP level 9. HP: 65/65 MP: 4/18
  7332 | Bailey   | Entered a bailey
  7345 | Bailey   | Reached ** piety under Makhleb
  8754 | D:8      | Reached skill level 5 in Invocations
  9069 | D:8      | Noticed Maurice
  9078 | D:8      | Killed Maurice
  9363 | D:8      | Reached XP level 10. HP: 73/73 MP: 6/20
  9686 | D:8      | Found a staircase to the Lair.
  9733 | D:8      | Reached skill level 5 in Fighting
  9733 | D:8      | Reached skill level 5 in Short Blades
  9733 | D:8      | Reached skill level 5 in Long Blades
  9733 | D:8      | Reached skill level 5 in Axes
  9733 | D:8      | Reached skill level 5 in Maces & Flails
  9733 | D:8      | Reached skill level 5 in Polearms
  9733 | D:8      | Reached skill level 5 in Staves
  9733 | D:8      | Reached skill level 5 in Slings
  9733 | D:8      | Reached skill level 5 in Bows
  9733 | D:8      | Reached skill level 5 in Crossbows
  9733 | D:8      | Reached skill level 5 in Throwing
  9733 | D:8      | Reached skill level 5 in Armour
  9733 | D:8      | Reached skill level 5 in Shields
  9733 | D:8      | Reached skill level 5 in Unarmed Combat
  9733 | D:8      | Reached skill level 5 in Evocations
 10021 | D:8      | Found a hazy altar of Hepliaklqana.
 10248 | Lair:1   | Entered Level 1 of the Lair of Beasts
 10656 | Lair:1   | Noticed a cane toad
 10661 | Lair:1   | Killed a cane toad
 10822 | Lair:1   | Noticed a cane toad
 10827 | Lair:1   | Killed a cane toad
 11463 | Lair:1   | Reached skill level 5 in Conjurations
 13256 | Lair:2   | Reached XP level 11. HP: 81/81 MP: 5/22
 13671 | Lair:2   | Reached skill level 5 in Hexes
 13671 | Lair:2   | Reached skill level 5 in Summonings
 13671 | Lair:2   | Reached skill level 5 in Necromancy
 13671 | Lair:2   | Reached skill level 5 in Translocations
 13671 | Lair:2   | Reached skill level 5 in Transmutations
 13671 | Lair:2   | Reached skill level 5 in Fire Magic
 13671 | Lair:2   | Reached skill level 5 in Ice Magic
 13671 | Lair:2   | Reached skill level 5 in Earth Magic
 13671 | Lair:2   | Reached skill level 5 in Poison Magic
 13809 | Lair:2   | Reached *** piety under Makhleb
 14149 | Lair:2   | Got the Almanac of the Dusty Escort
 15045 | Lair:3   | Noticed an eight-headed hydra
 15610 | Lair:3   | Noticed a seven-headed hydra
 15905 | Lair:3   | Noticed Nergalle
 15924 | Lair:3   | Killed Nergalle
 16569 | D:9      | Noticed a two-headed ogre
 17705 | D:9      | Reached **** piety under Makhleb
 18483 | D:9      | Found a shimmering altar of Xom.
 18538 | D:9      | Found a staircase to the Orcish Mines.
 18870 | Orc:1    | Entered Level 1 of the Orcish Mines
 18872 | Orc:1    | Noticed an orc knight
 18882 | D:9      | Reached XP level 12. HP: 89/89 MP: 3/24
 19011 | D:10     | Entered Level 10 of the Dungeon
 19512 | D:10     | Noticed Erolcha
 19910 | D:10     | Cast into level 1 of the Abyss (Erolcha)
 19994 | Abyss:2  | Gained mutation: Armour fits poorly on your strangely
                  | shaped body. [a neqoxec]
 19996 | Abyss:2  | Gained mutation: You are agile. (Dex +2) [a neqoxec]
 20051 | Abyss:2  | Noticed a sun demon
 20051 | Abyss:2  | Noticed a sun demon
 20051 | Abyss:2  | Noticed a sun demon
 20088 | Abyss:3  | Found a corrupted altar of Lugonu.
 20100 | Abyss:3  | HP: 2/89 [hellwing (5)]
 20103 | Abyss:3  | Killed from afar by a ynoxinul

Illustrated notes

Levels and vault maps discovered:
D:1:      evilmike_arrival_come_back, layout_basic, serial_shops,
          nicolae_shop_stone, minmay_misc_feat_nine_boxes
D:2:      layout_basic, basic_altar, uniq_robin
D:3:      layout_basic, minmay_hedge_maze
D:4:      layout_cave_pods, kennysheep_mini, mainiacjoe_overflow_boulevard,
          st_stairs_1
D:5:      layout_cave_pools, gammafunk_temple_overflow_claw, grunt_ministairs_4
D:6:      layout_gridville, nicolae_overflow_quartered_altars,
          nicolae_sif_muna_condensation, minmay_temple_entry_wispy,
          uniq_menkaure, uniq_pikel
D:7:      layout_loops_ring, enter_bailey_6, kennysheep_small_square
D:8:      layout_rooms, nzn_hepliaklqana_mist_gate, erik_lair_orcish_takeover,
          uniq_maurice
D:9:      layout_loops_cross, kennysheep_little_box, zombieorc1_lemuel
D:10:     layout_loops_corners, minmay_misc_feat_roman, uniq_erolcha
Temple:   jpeg_temple_alley_garden
Lair:1:   layout_regular_city, st_stairs_6, infiniplex_staircase_pool,
          grunt_megastairs_1
Lair:2:   layout_regular_city, gammafunk_lair_bear_cave
Lair:3:   layout_chaotic_city, minmay_shoals_entry_lonely_mermaid,
          minmay_snake_entry_guardpost_large, uniq_nergalle
Orc:1:    layout_caves, serial_shops, nicolae_shop_hallway_stairs, uniq_erica
Abyss:3:  base: Orc:1, evilmike_nicolae_abyss_rune_containment_curve

Skill      XL: |  1  2  3  4  5  6  7  8  9 10 11 |
---------------+----------------------------------+-----
Conjurations   | 2 3 4 5 6 |  6.2
Spellcasting   | 5 6 7 8 |  8.6
Fighting       | 1 2 3 4 5 6 |  6.9
Short Blades   | 1 2 3 4 5 6 |  6.9
Long Blades    | 1 2 3 4 5 6 |  6.9
Axes           | 1 2 3 4 5 6 |  6.9
Maces & Flails | 1 2 3 4 5 6 |  6.9
Polearms       | 1 2 3 4 5 6 |  6.9
Staves         | 1 2 3 4 5 6 |  6.9
Slings         | 1 2 3 4 5 6 |  6.9
Bows           | 1 2 3 4 5 6 |  6.9
Crossbows      | 1 2 3 4 5 6 |  6.9
Throwing       | 1 2 3 4 5 6 |  6.9
Armour         | 1 2 3 4 5 6 |  6.9
Shields        | 1 2 3 4 5 6 |  6.9
Unarmed Combat | 1 2 3 4 5 6 |  6.9
Invocations    | 1 2 3 4 5 6 7 |  7.6
Evocations     | 1 2 3 4 5 6 |  6.9
Hexes          | 1 2 3 4 5 |  5.7
Summonings     | 1 2 3 4 5 |  5.7
Necromancy     | 1 2 3 4 5 |  5.7
Translocations | 1 2 3 4 5 |  5.7
Transmutations | 1 2 3 4 5 |  5.7
Fire Magic     | 1 2 3 4 5 |  5.7
Ice Magic      | 1 2 3 4 5 |  5.7
Earth Magic    | 1 2 3 4 5 |  5.7
Poison Magic   | 1 2 3 4 5 |  5.7
Dodging        | 5 6 7 8 |  8.4
Stealth        | 5 6 7 8 |  8.2
Air Magic      | 6 7 8 |  8.0

Action                   |  1- 3 |  4- 6 |  7- 9 | 10-12 || total
-------------------------+-------+-------+-------+-------++-------
Melee: Unarmed           |       |     3 |       |       ||     3
       Flail             |       |     8 |   110 |   223 ||   341
       Bite              |       |     1 |    16 |    23 ||    40
       Punch             |       |       |     6 |       ||     6
 Cast: Shock             |    60 |    72 |    61 |    31 ||   224
       Airstrike         |       |    23 |    61 |   218 ||   302
       Swiftness         |       |       |       |     1 ||     1
Invok: Lesser Servant of |       |       |       |     2 ||     2
       Major Destruction |       |       |       |     2 ||     2
Evoke: Wand              |       |       |    12 |       ||    12
  Use: Scroll            |       |       |     8 |       ||     8
       Potion            |       |       |     2 |       ||     2
 Stab: Sleeping          |       |       |     4 |     1 ||     5
       Distracted        |       |       |       |     2 ||     2
Armor: Robe              |       |     5 |       |       ||     5
       Leather armour    |       |     2 |    54 |    75 ||   131
Dodge: Dodged            |     7 |    23 |   234 |   315 ||   579
Block: Buckler           |       |       |       |   114 ||   114
